 Dungeon Crawl Stone Soup version 0.25.1-2-g60ff931df9 (webtiles) character file.

Game seed: 14276524331645886141

56186 Curus the Bludgeoner (level 14, -2/135 HPs)
             Began as a Gargoyle Berserker on Oct 9, 2020.
             Was the Champion of Trog.
             Slain by an orc warrior
             ... wielding a +0 battleaxe
              (11 damage)
             ... on level 11 of the Dungeon.
             The game lasted 01:43:04 (20482 turns).

Curus the Bludgeoner (Gargoyle Berserker)          Turns: 20482, Time: 01:43:04

Health: -2/135     AC: 35    Str: 22    XL:     14   Next: 80%
Magic:  14/14      EV:  8    Int:  8    God:    Trog [******]
Gold:   1444       SH:  5    Dex: 13    Spells: 13/13 levels left

rFire    + + +     SeeInvis .   z - +7 great mace "Biynlak" {flame, *Corrode +Rage rC+}
rCold    + + .     Gourm    .   (shield currently unavailable)
rNeg     + + .     Faith    .   g - +0 plate armour "Sustreg" {rF+}
rPois    ∞         Spirit   .   q - +1 helmet
rElec    +         Reflect  +   e - scarf {rC+ rF+}
rCorr    .         Harm     .   i - +1 pair of gloves {archery}
MR       +....                  (no boots)
Stlth    ..........             E - amulet of reflection
HPRegen  0.32/turn              o - ring of positive energy
MPRegen  0.14/turn              I - +4 ring of protection

@: berserking, very quick
A: big wings, claws 1, hooves 1, fire resistance 1, negative energy resistance
1, shaggy fur 1, electricity resistance, unbreathing, petrification resistance,
rot immunity, AC +10
a: Fly, Berserk, Trog's Hand, Brothers in Arms, Renounce Religion, Evoke Berserk
Rage


You were on level 11 of the Dungeon.
You worshipped Trog.
Trog was exalted by your worship.
You were near starving.

You visited 3 branches of the dungeon, and saw 19 of its levels.
You also visited: Ice Cave.

You collected 2322 gold pieces.
You spent 878 gold pieces at shops.

Inventory:

Hand Weapons
 v - a +5 dire flail of draining
 z - the +7 great mace "Biynlak" (weapon) {flame, *Corrode +Rage rC+}
   (Trog gifted it to you on level 1 of the Lair of Beasts)

   It has been specially enchanted to burn those struck by it, causing extra
   injury to most foes and up to half again as much damage against particularly
   susceptible opponents.
   It protects you from cold.
   It lets you go berserk.
   It may corrode you when you take damage.
Armour
 d - a +3 plate armour
 e - a scarf of resistance (worn)
 g - the +0 plate armour "Sustreg" (worn) {rF+}
   (You bought it in a shop on level 2 of the Orcish Mines)

   It protects you from fire.
 i - a +1 pair of gloves of archery (worn)
 p - a +2 plate armour
 q - a +1 helmet (worn)
 y - a +0 cloak
 Q - a +0 pair of gloves
Jewellery
 o - a ring of positive energy (left hand)
 B - a -4 ring of protection
 E - an amulet of reflection (around neck)
 G - an uncursed ring of flight
 I - a +4 ring of protection (right hand)
 J - an uncursed ring of poison resistance
 N - a cursed amulet of inaccuracy
 V - an uncursed ring of ice
Wands
 r - a wand of iceblast (22)
 s - a wand of digging (20)
 D - a wand of flame (17)
 L - a wand of polymorph (9)
 P - a wand of acid (7)
 S - a wand of paralysis (10)
 Z - a wand of random effects (18)
Scrolls
 j - 8 scrolls of teleportation
 w - 14 scrolls of identify
 A - 4 scrolls of magic mapping
 C - 4 scrolls of enchant weapon
 K - 5 scrolls of remove curse
 O - 2 scrolls of fear
 U - a scroll of blinking
 W - a scroll of fog
Potions
 a - a potion of haste
 f - 6 potions of curing
 h - 9 potions of heal wounds
 u - 2 potions of ambrosia
 x - 2 potions of flight
 F - a potion of stabbing
 M - a potion of berserk rage
 R - a potion of might
Comestibles
 c - 34 rations


   Skills:
 + Level 11.2 Fighting
 - Level 20.0 Maces & Flails
 + Level 10.9 Armour
 - Level 1.5 Dodging


You had 13 spell levels left.
You didn't know any spells.
Your spell library was empty.

Dungeon Overview and Level Annotations

Branches:
Dungeon (11/15)            Temple (0/1) D:7            Lair (6/6) D:10
  Swamp (0/4) Lair:3       Spider (0/4) Lair:2        Slime (0/5) Lair:5
    Orc (2/2) D:9             Elf (0/3) Orc:2         IceCv (visited)

Altars:
Elyvilon
Fedhas
Beogh

Shops:
D:9 =   Orc:2 [[(%


Innate Abilities, Weirdness & Mutations

You are resistant to torment.
Your stone body is resilient. (AC +10)
You are immune to poison.
Your large and strong wings let you fly indefinitely.
You resist negative energy. (rN+)
You are resistant to electric shocks. (rElec)
You can survive without breathing.
You are immune to petrification.
You are immune to rotting.
You have sharp fingernails.
You have large cloven feet.
Your flesh is heat resistant. (rF+)
You are covered in fur. (AC +1)


Message History

The orc warrior closely misses you.
The orc knight hits you with a +0 broad axe.
* * * LOW HITPOINT WARNING * * *
A red film seems to cover your vision as you go berserk!
You feel yourself moving faster!
You feel mighty!
You are near starving!
A centaur warrior comes into view.
The orc warrior hits you with a +0 battleaxe!!
* * * LOW HITPOINT WARNING * * *
You hit the orc knight. You burn the orc knight.
The orc knight is lightly wounded.
The orc knight barely misses you.
You hit the orc knight but do no damage.
Your kick misses the orc knight.
The orc knight is lightly wounded.
You bludgeon the orc knight!! You burn the orc knight!
You kick the orc knight, but do no damage.
The orc knight is heavily wounded.
The orc warrior hits you with a +0 battleaxe!
You die...

#........(.....(....
#.........).........
#.......(((.........
#...................
#(......)()).†......
########).()........
#.)).)(.......
#.O####.......
#.o@..........
#.)o...#......
#..o.....#####
#......### #..c...#
#......# #......#
#......#


You could see an orc knight, a centaur warrior, 2 orc warriors and an ogre.

Vanquished Creatures
  Fannar (Lair:3)
  Harold (D:7)
  5 hydras
  2 centaur warriors (D:11)
  2 two-headed ogres
  An orc high priest (Orc:2)
  The ghost of dengdeng the Protected, a novice MiBe of Trog (D:8)
  A deep elf knight (D:11)
  An unseen horror (D:11)
  An ugly thing (D:11)
  A necromancer (Lair:4)
  9 deep elf magi (Orc:2)
  7 orc sorcerers
  5 elephants (Lair:3)
  A guardian serpent (D:10)
  A black mamba (Lair:4)
  Maurice (D:11)
  2 ice statues (IceCv)
  Psyche (D:9)
  Joseph (D:8)
  5 spiny frogs
  A rime drake (Lair:6)
  7 ice devils (IceCv)
  4 komodo dragons
  4 polar bears
  2 trolls (D:10)
  5 hornets
  A dream sheep (Lair:6)
  6 hippogriffs
  10 blink frogs
  13 spriggans
  3 wyverns
  3 wraiths
  4 hogs (D:7)
  Eustachio (D:4)
  2 basilisks
  18 yaks
  2 hungry ghosts
  A human (D:7)
  Edmund (D:5)
  2 swamp worms (D:9)
  A warg (Orc:2)
  20 water moccasins
  6 porcupines
  18 orc warriors
  11 ice beasts
  2 sky beasts
  31 wolves
  2 necrophages
  A black bear (Lair:6)
  3 phantoms
  4 boggarts (Lair:6)
  6 ogres
  13 centaurs
  6 crocodiles
  Blork the orc (D:4)
  2 big kobolds
  17 bullfrogs
  A wyvern zombie (D:10)
  4 scorpions
  10 killer bees
  8 wights
  9 howler monkeys
  An electric eel (Lair:4)
  4 crimson imps
  A centaur zombie (D:8)
  3 quasits
  6 hounds
  2 bullfrog zombies
  3 jellies
  Crazy Yiuf (D:5)
  A bullfrog skeleton (D:5)
  Ijyb (D:5)
  22 orc priests
  4 iguanas
  Natasha (thrice) (D:3)
  31 orc wizards
  9 worker ants
  7 hell rats (Lair:1)
  4 yak simulacra (Lair:4)
  3 polar bear simulacra (Lair:4)
  3 wolf simulacra (Lair:4)
  3 hound skeletons
  A howler monkey zombie (D:9)
  2 worker ant zombies
  10 adders
  2 shadow imps
  9 white imps (IceCv)
  7 ufetubi (IceCv)
  An ooze (D:4)
  2 adder skeletons
  6 worms
  3 dart slugs
  5 leopard geckos
  63 orcs
  5 giant cockroaches
  5 goblins
  7 hobgoblins
  4 jackals (D:4)
  9 quokkas
  A ball python (D:1)
  6 bats
  3 frilled lizards
  11 kobolds
  2 leopard gecko skeletons
  A leopard gecko zombie (D:8)
  5 rats
  A river rat simulacrum (Lair:4)
  A plant (D:10)
600 creatures vanquished.

Vanquished Creatures (collateral kills)
  A spiny frog (Lair:6)
  A rime drake (Lair:6)
  2 polar bears (Lair:6)
  A hornet (Lair:6)
  A hippogriff (Lair:6)
  2 spriggans (Lair:6)
  6 yaks (Lair:6)
  3 wolves (Lair:6)
17 creatures vanquished.

Vanquished Creatures (others)
  A reaper (IceCv)
  3 white imps (IceCv)
  An ufetubus (IceCv)
  2 bushes (D:7)
  3 fungi
  9 plants
19 creatures vanquished.

Grand Total: 636 creatures vanquished

Notes
Turn   | Place    | Note
-------+----------+-------------------------------------------
     0 | D:1      | Curus the Gargoyle Berserker began the quest for the Orb.
     0 | D:1      | Reached XP level 1. HP: 14/14 MP: 1/1
   199 | D:1      | Reached XP level 2. HP: 13/19 MP: 2/2
  1042 | D:2      | Reached skill level 4 in Maces & Flails
  1143 | D:2      | Reached XP level 3. HP: 23/23 MP: 3/3
  1732 | D:3      | Noticed a big kobold
  1745 | D:3      | Reached XP level 4. HP: 13/28 MP: 4/4
  1748 | D:3      | Reached ** piety under Trog
  1996 | D:3      | Reached skill level 5 in Maces & Flails
  2309 | D:3      | Noticed Natasha
  2316 | D:3      | Killed Natasha
  2316 | D:3      | Reached XP level 5. HP: 26/32 MP: 5/5
  2383 | D:3      | Noticed Natasha
  2394 | D:3      | Killed Natasha
  2427 | D:3      | Reached skill level 6 in Maces & Flails
  2434 | D:3      | Noticed Natasha
  2444 | D:3      | Killed Natasha
  2493 | D:3      | Noticed an orc warrior
  2507 | D:3      | Killed an orc warrior
  2507 | D:3      | Reached XP level 6. HP: 4/37 MP: 6/6
  2955 | D:3      | Reached skill level 7 in Maces & Flails
  3496 | D:4      | Noticed Eustachio
  3528 | D:4      | Killed Eustachio
  3528 | D:4      | Reached skill level 8 in Maces & Flails
  3528 | D:4      | Reached XP level 7. HP: 37/41 MP: 7/7
  3566 | D:4      | Noticed Blork the orc
  3581 | D:4      | Killed Blork the orc
  3976 | D:4      | Reached skill level 9 in Maces & Flails
  4015 | D:4      | Gained mutation: You have large cloven feet. [potion of
                  | mutation]
  4015 | D:4      | Gained mutation: Your flesh is heat resistant. (rF+)
                  | [potion of mutation]
  4015 | D:4      | Gained mutation: You have sharp fingernails. [potion of
                  | mutation]
  4015 | D:4      | Gained mutation: You are covered in fur. (AC +1) [potion of
                  | mutation]
  4046 | D:4      | Reached *** piety under Trog
  4335 | D:5      | Entered Level 5 of the Dungeon
  4339 | D:5      | Reached XP level 8. HP: 46/46 MP: 8/8
  4644 | D:5      | Reached skill level 10 in Maces & Flails
  4829 | D:5      | Noticed Edmund
  4838 | D:5      | Killed Edmund
  4839 | D:5      | Found a white marble altar of Elyvilon.
  5057 | D:5      | Noticed Ijyb
  5059 | D:5      | Killed Ijyb
  5320 | D:5      | Found a runed translucent door.
  5321 | D:5      | Noticed Crazy Yiuf
  5435 | D:5      | Killed Crazy Yiuf
  5490 | D:6      | Reached skill level 11 in Maces & Flails
  5586 | D:6      | Reached XP level 9. HP: 50/51 MP: 9/9
  5604 | D:6      | Reached **** piety under Trog
  6353 | D:7      | Reached skill level 12 in Maces & Flails
  6376 | D:7      | Found a staircase to the Ecumenical Temple.
  6532 | D:7      | Found a blossoming altar of Fedhas.
  6790 | D:7      | Reached skill level 13 in Maces & Flails
  6934 | D:7      | Noticed a rust devil
  7077 | D:7      | Noticed an angel
  7252 | D:7      | Reached ***** piety under Trog
  7350 | D:7      | Noticed Harold
  7371 | D:7      | Killed Harold
  7371 | D:7      | Reached skill level 14 in Maces & Flails
  7371 | D:7      | Reached XP level 10. HP: 46/56 MP: 10/10
  7603 | D:8      | Noticed dengdeng's ghost (novice MiBe)
  7603 | D:8      | Identified the +8 trident of Paper {flame, *Corrode +Inv
                  | rN+ Str+5}
  7604 | D:8      | Found a runed translucent door.
  7604 | D:8      | Noticed Joseph
  7621 | D:8      | Killed Joseph
  7621 | D:8      | Reached skill level 5 in Fighting
  7770 | D:8      | Received a gift from Trog
  7770 | D:8      | Reached skill level 5 in Armour
  8534 | D:9      | Noticed Psyche
  8544 | D:9      | Killed Psyche
  8606 | D:9      | Reached XP level 11. HP: 66/66 MP: 11/11
  8727 | D:9      | Found Viny's Jewellery Shop.
  8741 | D:9      | Bought a cursed amulet of inaccuracy for 26 gold pieces
  9114 | D:9      | Found a staircase to the Orcish Mines.
  9405 | D:10     | Entered Level 10 of the Dungeon
  9535 | D:10     | Noticed a two-headed ogre
  9543 | D:10     | Killed a two-headed ogre
 10092 | D:10     | Found a staircase to the Lair.
 10125 | Lair:1   | Entered Level 1 of the Lair of Beasts
 10282 | Lair:1   | Received a gift from Trog
 10283 | Lair:1   | Got a glimmering great mace {god gift}
 10288 | Lair:1   | Identified the +7 great mace "Biynlak" {flame, *Corrode
                  | +Rage rC+} (Trog gifted it to you on level 1 of the Lair of
                  | Beasts)
 10548 | Lair:1   | You fall into a shaft and drop 1 floor!
 11401 | Lair:2   | Reached skill level 10 in Fighting
 11627 | Lair:2   | Found a hole to the Spider Nest.
 11750 | Lair:2   | Noticed a six-headed hydra
 11753 | Lair:2   | Killed a six-headed hydra
 11753 | Lair:2   | Reached skill level 10 in Armour
 11753 | Lair:2   | Reached XP level 12. HP: 78/78 MP: 12/12
 12098 | Lair:3   | Found a frozen archway.
 12111 | IceCv    | Entered an ice cave
 12279 | IceCv    | Killed a reaper
 12767 | Lair:3   | Reached skill level 15 in Maces & Flails
 13045 | Lair:3   | Found a staircase to the Swamp.
 13170 | Lair:3   | Received a gift from Trog
 13278 | Lair:3   | Noticed Fannar
 13299 | Lair:3   | Killed Fannar
 13499 | Lair:3   | Reached skill level 16 in Maces & Flails
 13674 | Lair:3   | Reached XP level 13. HP: 83/83 MP: 13/13
 14745 | Lair:4   | You fall into a shaft and drop 2 floors!
 14745 | Lair:6   | Entered Level 6 of the Lair of Beasts
 14750 | Lair:6   | Reached skill level 17 in Maces & Flails
 14755 | Lair:6   | Received a gift from Trog
 15284 | Lair:6   | Reached skill level 18 in Maces & Flails
 15844 | Lair:5   | Found a staircase to the Slime Pits.
 16569 | Lair:6   | Gained mutation: Your large and strong wings let you fly
                  | indefinitely. [Gargoyle growth]
 16569 | Lair:6   | Reached XP level 14. HP: 88/88 MP: 14/14
 17559 | D:10     | Reached ****** piety under Trog
 17605 | D:10     | Received a gift from Trog
 17951 | D:8      | Killed dengdeng's ghost
 18122 | Orc:1    | Entered Level 1 of the Orcish Mines
 18296 | Orc:2    | Entered Level 2 of the Orcish Mines
 18316 | Orc:2    | Reached skill level 19 in Maces & Flails
 18768 | Orc:2    | Found a staircase to the Elven Halls.
 18958 | Orc:2    | Found a roughly hewn altar of Beogh.
 19141 | Orc:1    | Paralysed by an orc sorcerer for 5 turns
 19259 | Orc:1    | Paralysed by an orc sorcerer for 4 turns
 19352 | Orc:2    | Found Istrel's Weapon Shop.
 19352 | Orc:2    | Found Emacw's Food Boutique.
 19352 | Orc:2    | Found Vaje's Food Boutique.
 19358 | Orc:2    | Found Fibuc's Antique Armour Shop.
 19415 | Orc:2    | Found Ewual's Antique Armour Boutique.
 19430 | Orc:2    | Bought an ichor-stained plate armour for 672 gold pieces
 19430 | Orc:2    | Bought a pair of embroidered gloves for 180 gold pieces
 19440 | Orc:2    | Identified the +0 plate armour "Sustreg" {rF+} (You bought
                  | it in a shop on level 2 of the Orcish Mines)
 19643 | Orc:2    | Received a gift from Trog
 20197 | D:11     | Reached skill level 20 in Maces & Flails
 20410 | D:11     | Noticed Maurice
 20418 | D:11     | Killed Maurice
 20482 | D:11     | Slain by an orc warrior

Illustrated notes

Levels and vault maps discovered:
D:1:      grunt_arrival_crossed_arrows, layout_rooms, serial_rivers,
          chequers_serial_rivers_micro_b, chequers_serial_rivers_micro_c,
          chequers_serial_rivers_small_a, chequers_serial_rivers_micro_b,
          chequers_serial_rivers_micro_c, chequers_serial_rivers_micro_e
D:2:      layout_basic
D:3:      layout_basic, cheibrodos_sewer_entry_bend, uniq_natasha
D:4:      layout_cave_pools, serial_column_ruins, column_ruins_hut,
          column_ruins_open_tiny, column_ruins_open_tiny,
          column_ruins_open_tiny, column_ruins_grid_1, column_ruins_open_tiny,
          uniq_blork_the_orc, uniq_eustachio
D:5:      layout_loops_corners, first_ration, elyvilon_altar_1, uniq_edmund,
          uniq_crazy_yiuf_cottage, uniq_ijyb
D:6:      layout_basic
D:7:      layout_loops_ring, fedhas_bush_and_centaur_altar, temple_garden,
          grunt_livestock, uniq_harold
D:8:      layout_rooms, ebering_ghost_funeral_grove, uniq_joseph
D:9:      layout_loops_corners, orc_0_dummy, serial_shops, shop, worms_lemuel,
          uniq_psyche
D:10:     layout_grid_maze, david_lair_shrubbed, nrook_guardian_serpent_ordinary
D:11:     evilmike_iron_armoury, layout_basic, uniq_maurice
Lair:1:   layout_regular_city, grunt_megastairs_3, serial_bayou_shore_b
Lair:2:   layout_roguey, spider_nest_entry_webs, st_stairs_12,
          serial_bayou_shore_b, grunt_megastairs_4
Lair:3:   layout_cellular_growth, swamp_mist_pool,
          portal_ice_cave_entry_ice_beasts, lemuel_fruit_tree,
          lemuel_fruit_fields, uniq_fannar
Lair:4:   wander_river, layout_small_grid, eino_house_with_fridge,
          serial_bayou_shore_a
Lair:5:   layout_misc_corridors, slime_dummy, chequers_serial_rivers_small_b
Lair:6:   minmay_lair_end_enchanted_forest, layout_misc_corridors,
          serial_bayou_pond_c
Orc:1:    layout_diamond_mine
Orc:2:    st_orc_mages, layout_caves, basic_altar, serial_shops,
          nicolae_shop_crystal, elves_outpost_lemuel

Skill      XL: |  1  2  3  4  5  6  7  8  9 10 11 12 13 14 |
---------------+-------------------------------------------+-----
Maces & Flails | 4 5 6 8 9 11 14 16 18 20 | 20.0
Fighting       | 6 10 11 | 11.2
Armour         | 6 10 | 10.9
Dodging        | |  1.5

Action                   |  1- 3 |  4- 6 |  7- 9 | 10-12 | 13-15 || total
-------------------------+-------+-------+-------+-------+-------++-------
Melee: Mace              |   105 |    27 |       |       |       ||   132
       Flail             |       |   135 |    13 |       |       ||   148
       Dire flail        |       |       |   363 |   331 |       ||   694
       Kick              |       |       |    90 |   167 |   171 ||   428
       Great mace        |       |       |       |   286 |   721 ||  1007
Invok: Berserk           |     1 |     2 |     1 |     2 |     4 ||    10
       Brothers in Arms  |       |       |       |       |     1 ||     1
Evoke: Wand              |       |       |       |       |     1 ||     1
  Use: Scroll            |     7 |     1 |     5 |     3 |     5 ||    21
       Potion            |     5 |     1 |     5 |     1 |       ||    12
 Stab: Sleeping          |     1 |       |       |       |       ||     1
  Eat: Chunk             |     3 |     8 |    16 |    16 |    18 ||    61
       Ration            |       |       |       |     2 |     2 ||     4
Armor: Animal skin       |    29 |       |       |       |       ||    29
       Scale mail        |    17 |    15 |       |       |       ||    32
       Ring mail         |     2 |       |       |       |       ||     2
       Chain mail        |       |    34 |       |       |       ||    34
       Plate armour      |       |    73 |   216 |   475 |   594 ||  1358
Dodge: Dodged            |    82 |    63 |    94 |   170 |   215 ||   624
Block: Other             |       |       |     2 |   133 |   152 ||   287
       Reflection        |       |       |     1 |     1 |     4 ||     6
